AoeStats
← VX | Oblígame Perro!

African Clearing

503976488Analyzed
4v4 RM · 1mo ago on Sep 3, 2026· 31m 38s· 8 players
Game mode
Random Map
Map size
Large (8 player)
Population
200
Speed
Normal
Resources
Standard
Victory
Conquest
Starting age
Dark Age
Ending age
Imperial Age
RankedLock teamsTeams togetherTeam positionsShared explorationLock speedFull tech treeHidden civsTurbo modeCheats
Victory
Defeat
🇨🇳 Mongols · China
1473
+15
🇹🇼 Japanese · Taiwan
1457
+16
🇲🇽 Huns · Mexico
1445
+17
🇧🇪 Franks · Belgium
1438
+17
🇮🇳 Malians · India
1496
-18
🇦🇺 Shu · Australia
1489
-17
🇹🇼 Mongols · Taiwan
1489
-18
🇦🇺 Slavs · Australia
1360
-12
SSS111
4:44 Loom
12:43 Feudal Age
16:53 Castle Age
14:54 Double-Bit Axe
15:24 Fletching
15:57 Gold Mining
15:57 Stone Mining
17:44 Bodkin Arrow
18:14 Bow Saw
18:13 Padded Archer Armor
19:39 Horse Collar
23:15 Wheelbarrow
24:42 Leather Archer Armor
27:28 Ballistics
30:50 Bloodlines
31:57 Husbandry
zzzz123
11:47 Feudal Age
11:48 Man-at-Arms
12:28 Double-Bit Axe
13:33 Arson
15:40 Loom
27:13 Fletching
33:36 Castle Age
bullseyes
14:11 Feudal Age
12:31 Loom
15:02 Double-Bit Axe
17:53 Castle Age
16:17 Town Watch
18:47 Bow Saw
30:23 Stone Mining
30:23 Gold Mining
32:19 Wheelbarrow
VX | Oblígame Perro!
13:01 Feudal Age
14:25 Double-Bit Axe
16:56 Castle Age
15:50 Horse Collar
16:21 Fletching
16:17 Loom
17:17 Padded Archer Armor
24:49 Bodkin Arrow
26:01 Padded Archer Armor
27:52 Wheelbarrow
28:34 Leather Archer Armor
29:26 Ballistics
29:52 Hand Cart
30:04 Bloodlines
29:55 Husbandry
歐吉桑
11:24 Loom
14:16 Feudal Age
17:54 Horse Collar
18:45 Fletching
21:23 Man-at-Arms
22:32 Arson
26:01 Wheelbarrow
29:37 Castle Age
28:01 Padded Archer Armor
28:52 Forging
28:49 Scale Mail Armor
29:53 Crossbowman
Rocky_Nevermore
9:20 Loom
13:14 Feudal Age
17:06 Castle Age
16:23 Fletching
16:50 Double-Bit Axe
17:06 Gold Mining
17:51 Bodkin Arrow
17:56 Crossbowman
24:33 Ballistics
SpawnShark
4:40 Loom
11:57 Feudal Age
12:31 Double-Bit Axe
20:08 Bloodlines
24:44 Castle Age
24:16 Scale Barding Armor
24:15 Horse Collar
24:59 Gold Mining
JENIX
8:59 Loom
12:13 Feudal Age
13:09 Double-Bit Axe
17:55 Fletching
21:57 Padded Archer Armor
30:36 Castle Age
30:41 Crossbowman
31:18 Bodkin Arrow
Connection lost

Rejoining the realm…

Still unreachable

The connection could not be restored.

Session expired

The server has moved on; the page needs a fresh start.